 Dungeon Crawl Stone Soup version bcrawl-1.15.1 (webtiles) character file.

Game seed: 17718908904418354198

1934 Chiseanne the Cudgeler (level 8, -3/61 HPs)
             Began as a Demonspawn Archaeologist on Sept 27, 2019.
             Was a Priest of Okawaru.
             Slain by a manticore (17 damage)
             ... on level 6 of the Dungeon.
             The game lasted 00:14:22 (6120 turns).

Chiseanne the Cudgeler (Demonspawn Archaeologist)   Turns: 6120, Time: 00:14:23

Health: -3/61      AC: 12    Str: 12    XL:     8   Next: 97%
Magic:  11/12      EV: 14    Int: 16    God:    Okawaru [***...]
Gold:   381        SH:  6    Dex: 13    Spells: 7/7 levels left

rFire    + + .     SeeInvis .   a - +7 great mace "Firestarter" {inner flame, rF++}
rCold    . . .     Gourm    .   (shield currently unavailable)
rNeg     . . .     Faith    .   n - +1 scale mail
rPois    .         Spirit   .   c - +1 hat
rElec    .         Reflect  .   (no cloak)
rCorr    .         Harm     .   (no gloves)
MR       .....                  d - +1 pair of boots
Stlth    +++.......             l - amulet of the acrobat
HPRegen  0.20/turn              (no ring)
MPRegen  0.13/turn              (no ring)

@: heroism
A: talons 2, large bone plates 2, demonic guardian 1, nightstalker 1
a: Heroism, Renounce Religion


You were on level 6 of the Dungeon.
You worshipped Okawaru.
Okawaru was most pleased with you.
You were not hungry.

You visited 1 branch of the dungeon, and saw 6 of its levels.

You collected 381 gold pieces.

Inventory:

Hand Weapons
 a - the +7 great mace "Firestarter" (weapon) {inner flame, rF++}

   It has been specially enchanted to burn those struck by it, causing extra
   injury to most foes and up to half again as much damage against particularly
   susceptible opponents.
   It greatly protects you from fire.
 s - a +2 flail of protection
 z - a +5 dire flail
 B - the +7 hand axe "Xyahex" {antimagic, +Blink}
   (You found it on level 5 of the Dungeon)

   It reduces the magical energy of the wielder, and disrupts the spells and
   magical abilities of those hit.
   Natural abilities and divine invocations are not affected.
   It lets you blink.
Missiles
 f - 264 arrows
 o - 287 bolts
 r - 56 javelins of penetration (quivered)
 C - 106 javelins
Armour
 c - a +1 hat (worn)
 d - a +1 pair of boots (worn)
 n - a +1 scale mail (worn)
Magical Staves
 h - an uncursed staff of power
Jewellery
 l - an amulet of the acrobat (around neck)
Wands
 i - a wand of polymorph (19)
 j - a wand of disintegration (6)
 p - a wand of clouds (4)
 t - a wand of digging (6)
Scrolls
 b - a scroll of remove curse
 k - 3 scrolls of fog
 u - a scroll of enchant armour
 x - a scroll of identify
Potions
 e - a potion of resistance
 m - 3 potions of haste
 q - 2 potions of heal wounds
 v - a potion of berserk rage
 y - a potion of might
 A - a potion of mutation
Comestibles
 g - 10 rations {!d}
 w - a chunk of flesh


   Skills:
 * Level 4.8(9.8) Fighting
 * Level 7.9(12.9) Maces & Flails
 * Level 3.7(8.7) Armour
 * Level 5.2(10.2) Dodging
 - Level 3.0(8.0) Stealth
 * Level 5.5 Invocations


You had 7 spell levels left.
You didn't know any spells.
Your spell library was empty.

Dungeon Overview and Level Annotations

Branches:
Dungeon (6/12)             Temple (0/1) D:4

Altars:
Cheibriados
Elyvilon
Okawaru
Ru
Trog
Wu Jian
Zin
The Shining One

Annotations:
D:4 3 runed translucent doors, SlightEye's ghost, novice FoFi


Innate Abilities, Weirdness & Mutations

You have razor-sharp toenails.
You are mostly covered in large bone plates. (SH +6)
A weak demonic guardian rushes to your aid.
You are slightly more attuned to the shadows.


Message History

The manticore's inner flame fades away.
The manticore bites you! You block the manticore's attack.
The manticore claws you but does no damage.
Your shadow imp hits the manticore.
You barely miss the manticore.
The manticore is almost dead.
The manticore barely misses you.
The manticore claws you but does no damage.
The manticore closely misses you.
Your shadow imp barely misses the manticore.
You barely miss the manticore.
The manticore is almost dead.
The manticore bites you!!
* * * LOW HITPOINT WARNING * * *
The manticore barely misses you. The manticore completely misses you.
Your shadow imp hits the manticore.
You hit the manticore but do no damage.
The manticore is almost dead.
The manticore bites you!
You die...

#.# .. #.# ..
#.# #. #.#
#.####.####
#.#.......#
#.##H#.......#
#...5@.......##
####..........#
###........#
#........#
#........#
##.##.###.#
#..##.# #.#
##.# #.# #.#
###...##.###.#


You could see a manticore and a friendly shadow imp.

Vanquished Creatures
  A moth of wrath (D:4)
  Eustachio (D:4)
  Menkaure (D:4)
  An orc warrior (D:5)
  A sky beast (D:2)
  3 ogres
  A big kobold (D:6)
  3 wights (D:5)
  A crimson imp (D:5)
  A centaur zombie (D:5)
  A quasit (D:3)
  A jelly (D:5)
  3 orc priests
  2 centaur skeletons
  A hound (D:5)
  5 orc wizards
  Terence (D:2)
  A worker ant (D:4)
  A worker ant zombie (D:5)
  3 gnolls (D:3)
  A howler monkey skeleton (D:2)
  6 adders
  2 shadow imps
  4 oozes
  4 worms
  5 dart slugs
  4 leopard geckos
  15 orcs
  A ball python (D:3)
  4 bats
  6 giant cockroaches
  8 hobgoblins
  10 kobolds
  3 quokkas
  6 frilled lizards
  10 goblins
  10 rats
132 creatures vanquished.

Vanquished Creatures (collateral kills)
  A wight (D:5)
  A worm (D:2)
  A leopard gecko (D:3)
  2 orcs
  A frilled lizard (D:2)
6 creatures vanquished.

Grand Total: 138 creatures vanquished

Notes
Turn   | Place    | Note
-------+----------+-------------------------------------------
     0 | D:1      | Chiseanne the Demonspawn Archaeologist began the quest for
                  | the Orb.
     0 | D:1      | Reached XP level 1. HP: 15/15 MP: 1/1
   230 | D:1      | Gained mutation: A weak demonic guardian rushes to your
                  | aid. [demonic ancestry]
   230 | D:1      | Reached XP level 2. HP: 19/21 MP: 2/2
   700 | D:1      | Gained mutation: You are partially covered in large bone
                  | plates. (SH +4) [demonic ancestry]
   700 | D:1      | Reached XP level 3. HP: 27/27 MP: 3/3
   742 | D:1      | Reached skill level 1 in Maces & Flails
   940 | D:2      | Noticed Terence
   998 | D:3      | Reached skill level 2 in Maces & Flails
  1106 | D:3      | Found an iron altar of Okawaru.
  1127 | D:3      | Reached skill level 3 in Maces & Flails
  1127 | D:3      | Gained mutation: You are mostly covered in large bone
                  | plates. (SH +6) [demonic ancestry]
  1127 | D:3      | Reached XP level 4. HP: 28/33 MP: 4/4
  1389 | D:3      | Became a worshipper of Warmaster Okawaru
  1405 | D:3      | Found a faded altar of an unknown god.
  1451 | D:3      | Reached skill level 4 in Maces & Flails
  1818 | D:3      | Reached skill level 5 in Maces & Flails
  1818 | D:3      | Gained mutation: You have sharp toenails. [demonic
                  | ancestry]
  1818 | D:3      | Reached XP level 5. HP: 29/38 MP: 5/5
  2303 | D:2      | Noticed a sky beast
  2307 | D:2      | Killed a sky beast
  2307 | D:2      | Reached skill level 6 in Maces & Flails
  2351 | D:2      | Killed Terence
  2351 | D:2      | Reached XP level 6. HP: 29/44 MP: 6/6
  2751 | D:2      | Noticed an angel
  2752 | D:2      | Found a glowing silver altar of Zin.
  2833 | D:4      | Reached skill level 1 in Invocations
  2833 | D:4      | HP: 1/46 [leopard gecko (3)]
  3044 | D:3      | HP: 2/46 [ogre/exploding inner flame[the player character]
                  | (12)]
  3044 | D:3      | Reached * piety under Okawaru
  3044 | D:3      | Reached skill level 7 in Maces & Flails
  3044 | D:3      | Reached skill level 1 in Armour
  3417 | D:4      | Noticed Eustachio
  3423 | D:4      | Gained mutation: You have razor-sharp toenails. [demonic
                  | ancestry]
  3423 | D:4      | Reached XP level 7. HP: 38/51 MP: 8/8
  3543 | D:4      | Killed Eustachio
  3717 | D:4      | Found an ornate altar of the Wu Jian Council.
  3735 | D:4      | Found a runed translucent gate.
  3736 | D:4      | Found a runed translucent gate.
  3749 | D:4      | Reached ** piety under Okawaru
  4048 | D:4      | Found a runed translucent gate.
  4068 | D:4      | Noticed SlightEye's ghost (novice FoFi)
  4173 | D:4      | Found a glowing golden altar of the Shining One.
  4225 | D:4      | Found a staircase to the Ecumenical Temple.
  4296 | D:4      | Noticed Menkaure
  4302 | D:4      | Killed Menkaure
  4588 | D:4      | Noticed a moth of wrath
  4591 | D:4      | Found a bloodstained altar of Trog.
  4643 | D:4      | Killed a moth of wrath
  4643 | D:4      | Reached *** piety under Okawaru
  4643 | D:4      | Gained mutation: You are slightly more attuned to the
                  | shadows. [demonic ancestry]
  4643 | D:4      | Reached XP level 8. HP: 60/60 MP: 9/11
  4762 | D:5      | Entered Level 5 of the Dungeon
  4762 | D:5      | Found a sacrificial altar of Ru.
  5053 | D:5      | Found a white marble altar of Elyvilon.
  5054 | D:5      | Got a pitted hand axe
  5055 | D:5      | Identified the +7 hand axe "Xyahex" {antimagic, +Blink}
                  | (You found it on level 5 of the Dungeon)
  5283 | D:5      | Reached skill level 5 in Invocations
  5285 | D:5      | Reached skill level 5 in Dodging
  6040 | D:6      | Found a snail-covered altar of Cheibriados.
  6108 | D:6      | Noticed a manticore
  6120 | D:6      | Slain by a manticore

Skill      XL: |  1  2  3  4  5  6  7  8 |
---------------+-------------------------+-----
Dodging        | 3 4 5 |  5.2
Fighting       | 2 4 |  4.8
Maces & Flails | 3 5 6 7 |  7.9
Invocations    | 2 4 5 |  5.5
Armour         | 1 2 3 |  3.7
Stealth        | |  3.0

Action                   |  1- 3 |  4- 6 |  7- 9 || total
-------------------------+-------+-------+-------++-------
Melee: Whip              |    36 |       |       ||    36
       Mace              |    89 |   137 |       ||   226
       Great mace        |       |    48 |   116 ||   164
Throw: Stone             |       |       |     6 ||     6
Invok: Heroism           |       |       |     1 ||     1
Evoke: Wand              |       |     1 |     5 ||     6
  Use: Scroll            |       |    10 |     8 ||    18
       Potion            |       |     1 |       ||     1
 Stab: Sleeping          |     3 |       |     2 ||     5
       Distracted        |     1 |       |     1 ||     2
  Eat: Chunk             |       |     8 |     9 ||    17
Armor: Robe              |    43 |       |       ||    43
       Scale mail        |    26 |    82 |    43 ||   151
Dodge: Dodged            |   106 |    69 |    69 ||   244
Block: Other             |     8 |    48 |    31 ||    87
